 Dungeon Crawl Stone Soup version 0.23-a0-730-g0b75920 (webtiles) character file.

105 Lanoc the Skirmisher (level 4, -1/37 HPs)
             Began as a Demonspawn Monk on Jan 17, 2019.
             Was a Priest of Kikubaaqudgha.
             Slain by an orc priest
             ... wielding a +0 hand axe
              (7 damage)
             ... on level 2 of the Dungeon.
             The game lasted 00:06:09 (2221 turns).

Lanoc the Skirmisher (Demonspawn Monk)              Turns: 2221, Time: 00:06:10

Health: -1/37      AC:  6    Str: 12 (13) XL:     4   Next: 54%
Magic:  4/4        EV: 18    Int: 10 (11) God:    Kikubaaqudgha [***...]
Gold:   184        SH:  0    Dex: 17 (20) Spells: 1/3 levels left

rFire    + + .     SeeInvis .   a - +0 falchion
rCold    . . .     Gourm    .   (no shield)
rNeg     . . .     Faith    .   g - +1 leather armour {rF+}
rPois    .         Spirit   .   (no helmet)
rElec    .         Reflect  .   (no cloak)
rCorr    .         Harm     .   (no gloves)
MR       .....                  (no boots)
Stlth    +++.......             (no amulet)
HPRegen  0.12/turn              j - ring of protection from fire
MPRegen  0.09/turn              (no ring)

@: agile, flying
A: molten scales 1, powered by death 1
a: Receive Corpses, Renounce Religion


You were on level 2 of the Dungeon.
You worshipped Kikubaaqudgha.
Kikubaaqudgha was most pleased with you.
You were not hungry.

You visited 1 branch of the dungeon, and saw 3 of its levels.

You collected 184 gold pieces.

Inventory:

Hand Weapons
 a - a +0 falchion (weapon)
Armour
 g - a +1 leather armour of fire resistance (worn)
Jewellery
 j - a ring of protection from fire (left hand)
Wands
 o - a wand of flame (16)
Scrolls
 b - a scroll of blinking {unknown}
 d - a scroll of fear {unknown}
 i - a scroll of immolation {unknown}
 k - a scroll of amnesia {unknown}
 l - a scroll of teleportation
 m - a scroll of remove curse {unknown}
 n - a scroll of enchant weapon {unknown}
Potions
 f - a potion of cancellation {unknown}
 p - a potion of flight
Comestibles
 c - 7 rations
 h - 7 chunks of flesh


   Skills:
 + Level 3.7 Fighting
 * Level 3.5 Long Blades
 + Level 3.4 Dodging
 - Level 1.7 Stealth
 + Level 1.1 Necromancy


You had one spell level left.
You knew the following spells:

 Your Spells              Type           Power        Failure   Level  Hunger
a - Animate Skeleton      Necr           N/A          30%         1    ##.....
b - Pain                  Necr           #...         30%         1    ##.....

Your spell library contained the following spells:

 Spells                   Type           Power        Failure   Level  Hunger
 Sublimation of Blood     Necr           #.........   41%         2    ###....
 Vampiric Draining        Necr           #.........   65%         3    ####...
 Agony                    Necr           #.......     100%        5    ######.
 Bolt of Draining         Conj/Necr      #.........   100%        5    ######.
 Borgnjor's Vile Clutch   Necr/Erth      #.........   100%        5    ######.
 Dispel Undead            Necr           #.......     100%        5    ######.
 Simulacrum               Ice/Necr       #.........   100%        6    #######


Dungeon Overview and Level Annotations

Branches:
Dungeon (3/15)

Altars:
Kikubaaqudgha
Trog

Annotations:
D:2 Crazy Yiuf


Innate Abilities, Weirdness & Mutations

You are partially covered in molten scales. (AC +2)
You regenerate a little health from kills.


Message History

The orc barely misses you. The orc priest barely misses you.
You riposte.
You completely miss the orc priest.
The orc priest is moderately wounded.
You hit the orc priest but do no damage.
The orc priest is moderately wounded.
The orc hits you with a +3 short sword.
* * * LOW HITPOINT WARNING * * *
The orc priest hits you but does no damage.
The orc hits you with a +3 short sword.
* * * LOW HITPOINT WARNING * * *
It was a potion of flight.
You feel very buoyant.
You fly up into the air.
The orc priest hits you but does no damage.
The orc hits you but does no damage.
It was a potion of agility.
You feel agile all of a sudden.
The orc priest hits you with a +0 hand axe!
You die...
Kikubaaqudgha rasps: "You have failed me!
Welcome... death!"

#.# #.# ##.......
#########.####.##
#####...
#...#......##...### ##.#.
###...##รท.........#
##.#..
##.###...##...#.####.###.
#.# #######.##.....## ##
#.# #.#######.###.
#.#########.# ##.#.#
#.....o@o...# ##...
############# ####


You could see an orc priest and an orc.

Vanquished Creatures
  An adder (D:2)
  4 oozes
  4 worms
  A dart slug (D:2)
  A leopard gecko (D:3)
  3 orcs (D:2)
  A ball python (D:2)
  5 giant cockroaches
  6 goblins
  4 hobgoblins
  6 jackals
  8 kobolds
  8 bats
  2 frilled lizards
  8 rats
62 creatures vanquished.

Notes
Turn   | Place    | Note
-------+----------+-------------------------------------------
     0 | D:1      | Lanoc the Demonspawn Monk began the quest for the Orb.
     0 | D:1      | Reached XP level 1. HP: 18/18 MP: 1/1
   178 | D:1      | Gained mutation: You regenerate a little health from kills.
                  | [demonic ancestry]
   178 | D:1      | Reached XP level 2. HP: 14/24 MP: 2/2
   532 | D:2      | Reached XP level 3. HP: 29/29 MP: 3/3
   599 | D:2      | Found a faded altar of an unknown god.
   601 | D:2      | Became a worshipper of Kikubaaqudgha
   601 | D:2      | Reached * piety under Kikubaaqudgha
   601 | D:2      | Identified Kikubaaqudgha's Collected Works on Unholy
                  | Rituals (Kikubaaqudgha gifted it to you on level 2 of the
                  | Dungeon)
   601 | D:2      | Received a gift from Kikubaaqudgha
   601 | D:2      | Reached ** piety under Kikubaaqudgha
   605 | D:2      | Learned a level 1 spell: Animate Skeleton
   641 | D:2      | Found a bloodstained altar of Trog.
   751 | D:2      | Reached *** piety under Kikubaaqudgha
   751 | D:2      | Identified Kikubaaqudgha's Volume of Stolen Souls
                  | (Kikubaaqudgha gifted it to you on level 2 of the Dungeon)
   751 | D:2      | Received a gift from Kikubaaqudgha
  1134 | D:2      | Found a runed door.
  1185 | D:2      | Noticed Crazy Yiuf
  1188 | D:2      | HP: 1/29 [Crazy Yiuf/+3 quarterstaff of chaos (8)]
  1522 | D:1      | Learned a level 1 spell: Pain
  1557 | D:3      | Gained mutation: You are partially covered in molten
                  | scales. (AC +2) [demonic ancestry]
  1557 | D:3      | Reached XP level 4. HP: 36/36 MP: 4/4
  2004 | D:3      | Reached skill level 1 in Necromancy
  2221 | D:2      | Slain by an orc priest

Vault maps used:
D:1:      doesnt_arrival_eight_statues
D:2:      chequers_ecumenical_altar_twisty, lemuel_altar_in_water,
          uniq_crazy_yiuf_cottage
D:3:      minmay_spotlight, elyvilon_altar_3, uniq_sigmund

Skill      XL: |  1  2  3  4 |
---------------+-------------+-----
Dodging        | 3 |  3.4
Long Blades    | 3 |  3.5
Necromancy     | 1 |  1.1
Fighting       | |  3.7
Stealth        | |  1.7

Action                   |  1- 3 |  4- 6 || total
-------------------------+-------+-------++-------
Melee: Falchion          |   146 |    73 ||   219
  Use: Potion            |     3 |     2 ||     5
       Scroll            |     1 |       ||     1
 Stab: Sleeping          |     4 |     2 ||     6
  Eat: Chunk             |     1 |     4 ||     5
Armor: Robe              |     6 |       ||     6
       Leather armour    |    54 |    27 ||    81
Dodge: Dodged            |   131 |    59 ||   190
       Rpst.: Falchion   |    39 |    16 ||    55

Table legend:
 A = Non-vault XP
 B = Vault XP
 C = Vault XP percentage of total XP
 D = Non-vault monster count
 E = Vault monster count
 F = Vault count percentage of total count
                 A         B        C        D         E       F
            +---------+---------+-------+---------+---------+-------
      Total |     147 |       4 |   2.6 |      60 |       2 |   3.2
            +---------+---------+-------+---------+---------+-------
        D:1 |      40 |       0 |   0.0 |      23 |       0 |   0.0
        D:2 |      65 |       0 |   0.0 |      25 |       0 |   0.0
        D:3 |      42 |       4 |   8.7 |      12 |       2 |  14.3
            +---------+---------+-------+---------+---------+-------
